 Dungeon Crawl Stone Soup version 0.22-a0-553-g9358b0b (webtiles) character file.

23341 emperorscorpion the Severer (level 13, -1/115 HPs)
             Began as a Hill Orc Monk on June 25, 2018.
             Was a High Priest of Nemelex Xobeh.
             Slain by an orc warrior
             ... wielding a +0 long sword
              (5 damage)
             ... while paralysed by an orc sorcerer
             ... on level 2 of the Orcish Mines.
             The game lasted 00:38:25 (18880 turns).

emperorscorpion the Severer (Hill Orc Monk)        Turns: 18880, Time: 00:38:26

Health: -1/115     AC: 19    Str: 19    XL:     13   Next: 6%
Magic:  23/23      EV:  2    Int:  6    God:    Nemelex Xobeh [*****.]
Gold:   1177       SH:  0    Dex: 16    Spells: 12/12 levels left

rFire    . . .     SeeInvis .   a - +1 war axe (elec)
rCold    . . .     Gourm    .   H - +10 large shield of Ignorance {rN+ Int-4}
rNeg     + . .     Faith    .   x - +0 chain mail
rPois    .         Spirit   .   y - +0 helmet
rElec    .         Reflect  +   (no cloak)
rCorr    .         Harm     .   r - +1 pair of gloves
MR       +....                  P - +2 pair of boots
Stlth    ..........             B - +6 amulet of reflection
HPRegen  0.29/turn              s - ring of protection from magic
MPRegen  0.18/turn              J - +3 ring of dexterity

@: paralysed, lethally poisoned (-1 -> -4), very slightly contaminated,
invisible
A: high mp 1, wild magic 1
a: Triple Draw, Deal Four, Stack Five, Renounce Religion, Convert to Beogh


You were on level 2 of the Orcish Mines.
You worshipped Nemelex Xobeh.
Nemelex Xobeh was extremely pleased with you.
You were not hungry.

You visited 3 branches of the dungeon, and saw 15 of its levels.

You collected 1177 gold pieces.

Inventory:

Hand Weapons
 a - a +1 war axe of electrocution (weapon)
 b - a +0 arbalest of flaming
 c - the +1 dire flail of Obsession {protect, Dex+3}
   (You found it on level 7 of the Dungeon)

   It protects the one who uses it against injury (+AC on strike).
   It affects your dexterity (+3).
 E - a +0 battleaxe
Missiles
 d - 153 bolts
 A - 13 arrows
 C - 3 curare-tipped needles
 F - 15 poisoned needles
 I - 16 needles of confusion
Armour
 q - a +0 ring mail
 r - a +1 pair of gloves (worn)
 x - a +0 chain mail (worn)
 y - a +0 helmet (worn)
 D - a +0 robe
 H - the +10 large shield of Ignorance (worn) {rN+ Int-4}
   (You found it on level 1 of the Orcish Mines)

   It affects your intelligence (-4).
   It protects you from negative energy.
 P - a +2 pair of boots (worn)
Jewellery
 h - a +2 ring of protection
 o - an uncursed ring of protection from fire
 p - an uncursed ring of positive energy
 s - a ring of protection from magic (left hand)
 w - an uncursed ring of stealth
 B - a +6 amulet of reflection (around neck)
 J - a +3 ring of dexterity (right hand)
 O - an uncursed amulet of guardian spirit
 U - an uncursed ring of flight
Wands
 n - a wand of random effects (45)
 K - a wand of polymorph (17)
 T - a wand of paralysis (20)
 X - a wand of digging (13)
Scrolls
 e - 13 scrolls of identify
 i - 5 scrolls of immolation
 m - 8 scrolls of remove curse
 t - 4 scrolls of magic mapping
 z - 3 scrolls of teleportation
 V - 2 scrolls of enchant weapon
 Z - 2 scrolls of fog
Potions
 g - a potion of curing
 l - 5 potions of heal wounds
 u - 5 potions of mutation
 M - 3 potions of haste
Miscellaneous
 f - an ornate deck of escape {drawn: 2}
 j - an ornate deck of summoning {drawn: 2}
 k - a phial of floods (inert)
 v - a plain deck of summoning {drawn: 1}
 G - an ornate deck of escape {drawn: 1}
 N - an ornate deck of destruction {drawn: 8}
 S - a plain deck of destruction {drawn: 3}
Comestibles
 W - 29 rations


   Skills:
 + Level 10.9 Fighting
 + Level 15.9 Axes
   Level 2.7 Bows
 - Level 4.0 Crossbows
 + Level 11.2 Armour
 + Level 4.1 Dodging
 - Level 2.4 Stealth
 + Level 1.2 Shields
 * Level 10.9 Invocations


You had 12 spell levels left.
You didn't know any spells.
Your spell library contained the following spells:

 Spells                   Type           Power        Failure   Level  Hunger
 Magic Dart               Conj           #...         100%        1    ##.....
 Conjure Flame            Conj/Fire      #.......     100%        3    ####...
 Slow                     Hex            #.......     100%        2    ###....
 Mephitic Cloud           Conj/Pois/Air  #.......     100%        3    ####...
 Blink                    Tloc           N/A          100%        2    ###....
 Call Imp                 Summ           #.......     100%        2    ###....


Dungeon Overview and Level Annotations

Branches:
Dungeon (12/15)            Temple (1/1) D:4            Lair (0/6) D:8
    Orc (2/2) D:12
    Elf: Orc:2

Altars:
Ashenzari
Cheibriados
Dithmenos
Elyvilon
Fedhas
Gozag
Hepliaklqana
Kikubaaqudgha
Makhleb
Nemelex Xobeh
Okawaru
Qazlal
Ru
Sif Muna
Trog
Uskayaw
Vehumet
Wu Jian
Xom
Yredelemnul
Zin
The Shining One
Lugonu

Shops:
Orc:2 =

Annotations:
Orc:1 1 runed door, exclusions: door and 4 orange crystal statues


Innate Abilities, Weirdness & Mutations

You have an increased reservoir of magic. (+10% MP)
Your spells are a little harder to cast, but a little more powerful.


Message History

The orc warrior hits you with a long sword!
The sun demon hits you!
* * * LOW HITPOINT WARNING * * *
You are engulfed in flames!
* * * LOW HITPOINT WARNING * * *
The chaos spawn gores you.
* * * LOW HITPOINT WARNING * * *
You fade into invisibility!
You are very lightly contaminated with residual magic.
The orc sorcerer hits you but does no damage.
The troll bites you but does no damage.
The troll claws you but does no damage. x2
You feel sick.
The orc priest shouts!
You hear a shout!
The sun demon hits you but does no damage.
The chaos spawn gores you.
* * * LOW HITPOINT WARNING * * *
The chaos spawn draws strength from your injuries!
The orc warrior hits you with a long sword.
You die...
Your body glows slightly and disappears.

.. #.........
.o. #.........
.... ..........
..o.##.........
....o..........
...............
......4))......
..h..ho@T......
......3o)......
.P....4........
..8PP.P).......
..oP.......(...
......P........
..∩............
...(.......$...


You could see an orc high priest, a sun demon, an ice devil, a troll, a chaos
spawn, 2 wargs, an orc sorcerer, 2 orc warriors and 2 orc priests.

Vanquished Creatures
  A stone giant (Orc:2)
  An ettin (D:12)
  Snorg (Orc:1)
  A catoblepas (D:11)
  A two-headed ogre (D:12)
  An unseen horror (D:10)
  An orc sorcerer (Orc:2)
  A salamander (D:12)
  2 manticores
  2 cyclopes (D:12)
  An eye of devastation (Orc:1)
  A freezing wraith (D:12)
  A komodo dragon (D:11)
  A hornet (D:9)
  3 trolls
  4 hippogriffs
  5 slime creatures (D:12)
  Sigmund (D:4)
  21 yaks
  A spriggan (D:9)
  4 wraiths (D:7)
  A wyvern (D:8)
  A human (D:9)
  A hungry ghost (D:7)
  4 vampire mosquitoes (D:11)
  2 soldier ants
  3 wargs
  2 water moccasins
  A porcupine (Orc:1)
  A black bear (D:8)
  4 ice beasts
  5 sky beasts
  A hornet zombie (D:11)
  8 orc warriors
  A necrophage (D:9)
  2 swamp drakes (D:12)
  6 ogres
  A boggart (Orc:1)
  4 centaurs
  3 big kobolds
  Blork the orc (D:4)
  8 bullfrogs
  A wyvern skeleton (D:10)
  A water moccasin skeleton (D:8)
  4 scorpions
  3 wights (D:8)
  7 killer bees
  2 electric eels (D:7)
  5 howler monkeys
  4 crimson imps
  13 orc priests
  A bullfrog zombie (D:12)
  5 hounds
  6 jellies
  3 bullfrog skeletons
  3 centaur skeletons
  Jessica (D:3)
  9 iguanas
  10 orc wizards
  7 worker ants
  Natasha (thrice) (D:4)
  A killer bee zombie (D:5)
  A hound skeleton (D:9)
  2 worker ant zombies
  Robin (D:2)
  A river rat (D:12)
  10 adders
  4 gnolls (D:9)
  3 shadow imps
  5 oozes
  2 adder skeletons
  3 worms
  11 dart slugs
  2 leopard geckos
  41 orcs
  3 giant cockroaches
  16 goblins
  12 hobgoblins
  6 jackals
  14 kobolds
  2 quokkas
  2 ball pythons
  6 bats
  3 frilled lizards
  2 leopard gecko zombies (D:5)
  2 quokka skeletons
  9 rats
367 creatures vanquished.

Vanquished Creatures (collateral kills)
  An ugly thing (D:12)
  A manticore (D:11)
  2 orc warriors (Orc:1)
  An orc wizard (Orc:2)
  2 orc priests (Orc:1)
  6 orcs
13 creatures vanquished.

Vanquished Creatures (others)
  A hornet (D:8)
  A frilled lizard (Orc:1)
  A fungus (Orc:2)
3 creatures vanquished.

Grand Total: 383 creatures vanquished

Notes
Turn   | Place    | Note
-------+----------+-------------------------------------------
     0 | D:1      | emperorscorpion the Hill Orc Monk began the quest for the Orb.
     0 | D:1      | Reached XP level 1. HP: 19/19 MP: 1/1
   108 | D:1      | Reached XP level 2. HP: 7/27 MP: 2/2
  1180 | D:1      | Reached XP level 3. HP: 33/33 MP: 3/3
  1757 | D:2      | Noticed Robin
  1778 | D:2      | Reached skill level 5 in Axes
  2179 | D:2      | Reached XP level 4. HP: 26/40 MP: 4/4
  2310 | D:2      | Killed Robin
  3210 | D:3      | Noticed Jessica
  3218 | D:3      | Killed Jessica
  3218 | D:3      | Reached skill level 1 in Armour
  3218 | D:3      | Reached XP level 5. HP: 43/47 MP: 5/5
  3454 | D:3      | Reached skill level 6 in Axes
  3697 | D:3      | Reached XP level 6. HP: 53/53 MP: 6/6
  4111 | D:4      | Noticed Natasha
  4122 | D:4      | Killed Natasha
  4153 | D:4      | Found a staircase to the Ecumenical Temple.
  4163 | D:4      | Noticed Natasha
  4173 | D:4      | Killed Natasha
  4180 | D:4      | Noticed Sigmund
  4183 | D:4      | Noticed Blork the orc
  4185 | Temple   | Entered the Ecumenical Temple
  4458 | D:4      | Reached skill level 7 in Axes
  4839 | D:4      | Reached XP level 7. HP: 48/60 MP: 7/7
  4924 | D:4      | Found a basalt altar of Yredelemnul.
  4925 | D:4      | Found a sacrificial altar of Ru.
  4925 | D:4      | Found an ornate altar of the Wu Jian Council.
  5166 | D:4      | Found a burning altar of Makhleb.
  5167 | D:4      | Found a glowing golden altar of the Shining One.
  5169 | D:4      | Found a shadowy altar of Dithmenos.
  5224 | D:4      | Noticed Natasha
  5241 | D:4      | Killed Natasha
  5259 | D:4      | Killed Sigmund
  5259 | D:4      | Reached skill level 5 in Fighting
  5259 | D:4      | Reached skill level 8 in Axes
  5487 | D:4      | Killed Blork the orc
  5625 | D:4      | Found a shadowy altar of Dithmenos.
  5807 | D:5      | Entered Level 5 of the Dungeon
  5835 | D:5      | Reached skill level 5 in Armour
  6053 | D:5      | Reached XP level 8. HP: 64/68 MP: 8/8
  6723 | D:5      | Reached skill level 9 in Axes
  7244 | D:5      | Found an opulent altar of Gozag.
  7248 | D:5      | Found a sparkling altar of Nemelex Xobeh.
  7261 | D:5      | Became a worshipper of Nemelex Xobeh the Trickster
  7261 | D:5      | Received a gift from Nemelex Xobeh
  7261 | D:5      | Reached * piety under Nemelex Xobeh
  7261 | D:5      | Received a gift from Nemelex Xobeh
  7261 | D:5      | Reached ** piety under Nemelex Xobeh
  7518 | D:6      | Reached skill level 1 in Bows
  7726 | D:6      | Found a bloodstained altar of Trog.
  7750 | D:6      | Reached skill level 1 in Invocations
  7820 | D:6      | Received a gift from Nemelex Xobeh
  7843 | D:6      | Found an ancient bone altar of Kikubaaqudgha.
  8289 | D:7      | Reached XP level 9. HP: 70/75 MP: 8/11
  8741 | D:8      | Noticed a hornet
  8750 | D:8      | Paralysed by a hornet for 2 turns
  8751 | D:8      | Killed a hornet
  8751 | D:8      | Reached skill level 10 in Axes
  9244 | D:8      | Found a staircase to the Lair.
  9281 | D:8      | Received a gift from Nemelex Xobeh
  9306 | D:8      | Reached *** piety under Nemelex Xobeh
  9498 | D:8      | Reached skill level 11 in Axes
  9628 | D:8      | Reached XP level 10. HP: 86/86 MP: 13/13
  9807 | D:8      | Reached skill level 5 in Invocations
 10185 | D:8      | Found a white marble altar of Elyvilon.
 10329 | D:7      | Reached skill level 12 in Axes
 10468 | D:7      | Got an encrusted dire flail
 10469 | D:7      | Identified the +1 dire flail of Obsession {protect, Dex+3} (You found it on level 7 of the Dungeon)
 10637 | D:7      | Found the +5 scythe "Finisher" {speed, Str+3}
 11588 | D:9      | Received a gift from Nemelex Xobeh
 11850 | D:9      | Reached **** piety under Nemelex Xobeh
 11961 | D:9      | Reached skill level 13 in Axes
 12109 | D:9      | Found a hazy altar of Hepliaklqana.
 12110 | D:9      | Found a hide-covered altar of Uskayaw.
 12111 | D:9      | Found an ancient bone altar of Kikubaaqudgha.
 12114 | D:9      | Found a snail-covered altar of Cheibriados.
 12699 | D:9      | Paralysed by a hornet for 2 turns
 13237 | D:10     | Entered Level 10 of the Dungeon
 13297 | D:10     | Reached XP level 11. HP: 95/95 MP: 16/16
 13549 | D:10     | Received a gift from Nemelex Xobeh
 13713 | D:10     | Reached skill level 1 in Crossbows
 14028 | D:10     | Found a stormy altar of Qazlal.
 14126 | D:10     | Killed an unseen horror
 14487 | D:11     | Noticed a manticore
 14487 | D:11     | Noticed a catoblepas
 14544 | D:11     | Killed a catoblepas
 14549 | D:11     | Killed a manticore
 14809 | D:11     | Noticed a manticore
 14822 | D:11     | Killed a manticore
 15477 | D:11     | Reached skill level 14 in Axes
 15798 | D:11     | Reached skill level 10 in Armour
 15911 | D:11     | Reached XP level 12. HP: 90/105 MP: 18/18
 16051 | D:12     | Identified a scroll of acquirement
 16377 | D:12     | Reached skill level 10 in Fighting
 16584 | D:12     | Reached skill level 15 in Axes
 16589 | D:12     | Noticed a two-headed ogre
 16811 | D:12     | Reached skill level 10 in Invocations
 16954 | D:12     | Reached ***** piety under Nemelex Xobeh
 17143 | D:12     | Killed a two-headed ogre
 17361 | D:12     | Found a staircase to the Orcish Mines.
 17487 | Orc:1    | Entered Level 1 of the Orcish Mines
 17489 | Orc:1    | Noticed an orc high priest
 17494 | Orc:1    | Noticed a soul eater
 17497 | Orc:1    | an orc high priest changed into an eye of devastation
 17497 | Orc:1    | a soul eater changed into a sixfirhy
 17849 | Orc:1    | Received a gift from Nemelex Xobeh
 17872 | Orc:1    | Noticed an ettin
 18101 | D:12     | Gained mutation: Your spells are a little harder to cast, but a little more powerful. [potion of mutation]
 18101 | D:12     | Gained mutation: You have an increased reservoir of magic. (+10% MP) [potion of mutation]
 18115 | D:12     | Killed an ettin
 18198 | Orc:1    | Noticed Snorg
 18211 | Orc:1    | Killed Snorg
 18504 | Orc:1    | Found the +10 large shield of Ignorance {rN+ Int-4}
 18561 | Orc:1    | Found a runed door.
 18576 | Orc:1    | Found a runed door.
 18859 | Orc:2    | Entered Level 2 of the Orcish Mines
 18859 | Orc:2    | Found Neisuhee's Jewellery Shop.
 18859 | Orc:2    | Noticed an orc high priest
 18860 | Orc:2    | Noticed a stone giant
 18867 | Orc:2    | Killed a stone giant
 18867 | Orc:2    | Reached XP level 13. HP: 108/115 MP: 21/23
 18877 | Orc:2    | Reached skill level 1 in Shields
 18877 | Orc:2    | Paralysed by an orc sorcerer for 4 turns
 18880 | Orc:2    | HP: 4/115 [chaos spawn[an orc high priest] (3)]
 18880 | Orc:2    | Slain by an orc warrior

Vault maps used:
D:1:      nzn_arrival_settlement
D:2:      uniq_robin
D:3:      guppyfry_early_orc_mine, uniq_jessica
D:4:      grunt_temple_overflow_open, temple_pool_b, first_ration,
          grunt_dithmenos_shadows, uniq_natasha, uniq_blork_the_orc,
          uniq_sigmund
D:5:      grunt_temple_overflow_opulence
D:6:      kennysheep_little_box, basic_altar, grunt_decor_arrowhead
D:7:      kennysheep_slugbush, enter_bailey_3, minmay_guarded_unrand_finisher
D:8:      kennysheep_mini_moat, dpeg_oklobed_lair
D:9:      minitemple, the_bakery
D:10:     basic_altar, nooodl_food_tri
D:11:     nzn_motion_control, kennysheep_generic_room_15
D:12:     david_orc_4
Temple:   corrupted_temple
Orc:1:    chequers_guarded_unrand_ignorance, uniq_snorg
Orc:2:    grunt_orc_gardens, grunt_orc_garden, grunt_orc_garden,
          grunt_orc_garden, grunt_orc_garden, basic_altar,
          gammafunk_ghost_fury_of_okawaru, serial_shops, shop

Skill      XL: |  1  2  3  4  5  6  7  8  9 10 11 12 13 |
---------------+----------------------------------------+-----
Fighting       | 4 5 6 7 8 9 10 | 10.9
Axes           | 5 6 7 8 9 11 13 14 15 | 15.9
Stealth        | 2 |  2.4
Armour         | 1 2 3 5 6 7 8 10 11 | 11.2
Dodging        | 3 4 |  4.1
Bows           | 2 |  2.7
Invocations    | 2 4 6 9 10 | 10.9
Crossbows      | 3 4 |  4.0
Shields        | 1 |  1.2

Action                   |  1- 3 |  4- 6 |  7- 9 | 10-12 | 13-15 || total
-------------------------+-------+-------+-------+-------+-------++-------
Melee: Hand axe          |   144 |   252 |   197 |       |       ||   593
       Battleaxe         |       |       |   143 |   280 |       ||   423
       War axe           |       |       |       |   402 |    10 ||   412
 Fire: Shortbow          |       |       |    61 |    20 |       ||    81
       Arbalest          |       |       |       |    62 |       ||    62
Throw: Stone             |       |       |     2 |       |       ||     2
Evoke: Wand              |       |       |     2 |     1 |       ||     3
       Deck              |       |       |     1 |    22 |     1 ||    24
       Phial of floods   |       |       |       |     1 |       ||     1
  Use: Potion            |       |     3 |     5 |     5 |       ||    13
       Scroll            |       |     9 |       |     7 |       ||    16
 Stab: Sleeping          |     5 |       |       |       |       ||     5
       Invisible         |       |       |     1 |       |       ||     1
  Eat: Chunk             |     4 |     7 |    19 |    24 |       ||    54
       Ration            |       |       |     1 |     2 |       ||     3
Armor: Robe              |    13 |       |       |       |       ||    13
       Ring mail         |    33 |       |       |       |       ||    33
       Chain mail        |     2 |   104 |   196 |   371 |    18 ||   691
Dodge: Dodged            |   108 |    63 |   114 |   295 |     6 ||   586
Block: Other             |       |       |       |   166 |       ||   166
       Reflection        |       |       |       |     8 |       ||     8
       Large shield      |       |       |       |     5 |    18 ||    23

Table legend:
 A = Spawn XP
 B = Non-spawn XP
 C = Spawn XP percentage of total XP
 D = Spawn monster count
 E = Non-spawn monster count
 F = Spawn count percentage of total count
 G = Total turns spent on level
                    A         B        C        D         E        F      G
               +---------+---------+-------+---------+---------+-------+---------
         Total |       0 |   33345 |   0.0 |       0 |     381 |   0.0 | 18880
               +---------+---------+-------+---------+---------+-------+---------
           D:1 |       0 |      41 |   0.0 |       0 |      18 |   0.0 |  1635
           D:2 |       0 |      70 |   0.0 |       0 |      23 |   0.0 |  1056
           D:3 |       0 |     228 |   0.0 |       0 |      32 |   0.0 |  1352
           D:4 |       0 |     769 |   0.0 |       0 |      22 |   0.0 |  1859
           D:5 |       0 |     603 |   0.0 |       0 |      18 |   0.0 |  1387
           D:6 |       0 |     326 |   0.0 |       0 |      12 |   0.0 |   669
           D:7 |       0 |    2200 |   0.0 |       0 |      42 |   0.0 |  1098
           D:8 |       0 |    2782 |   0.0 |       0 |      34 |   0.0 |  2326
           D:9 |       0 |    2003 |   0.0 |       0 |      32 |   0.0 |  1645
          D:10 |       0 |    3016 |   0.0 |       0 |      23 |   0.0 |  1266
          D:11 |       0 |    6186 |   0.0 |       0 |      35 |   0.0 |  1441
          D:12 |       0 |   10162 |   0.0 |       0 |      49 |   0.0 |  2154
         Orc:1 |       0 |    2393 |   0.0 |       0 |      29 |   0.0 |   761
         Orc:2 |       0 |    2566 |   0.0 |       0 |      12 |   0.0 |    21
               +---------+---------+-------+---------+---------+-------+---------
